[Event "Titled Tuesday Blitz April 25 Early 2023"]
[White "Buscar, Michael"]
[Black "Subelj, Jan"]
[WhiteFideId "2603616"]
[BlackFideId "14618583"]
[WhiteElo "2010"]
[BlackElo "2474"]
[Result "0-1"]
[Round "01"]
[TimeControl "180+2"]
[Date "2023.04.25"]
[WhiteClock "0:00:51"]
[BlackClock "0:01:13"]

1. Nf3 Nc6 2. e4 e5 3. Bb5 Nf6 4. O-O Nxe4 5. Re1 Nd6 6. Bxc6 dxc6 7. Nxe5 Be7 8. d4 O-O 9. Nc3 Nf5 10. Ne2 c5 11. dxc5 Bxc5 12. Qxd8 Rxd8 13. Nd3 Bb6 14. Ng3 Nd4 15. Nb4 Be6 16. c3 a5 17. cxd4 axb4 18. Bd2 Rxd4 19. Be3 Rd6 20. Bf4 Rdd8 21. a4 bxa3 22. bxa3 Ra4 23. Bc1 g6 24. Rb1 h5 25. Rb4 Raa8 26. Ne4 Ba5 27. Nf6+ Kh8 28. Bb2 Bxb4 29. axb4 Ra2 30. Be5 Re2 31. Nd5+ Rxe5 32. Rxe5 Rxd5 0-1


[Site "https://www.chess.com"]

[Event "Titled Tuesday Blitz April 25 Early 2023"]
[White "Jaracz, Pawel"]
[Black "Xie, Bryan"]
[WhiteFideId "1102222"]
[BlackFideId "30941296"]
[WhiteElo "2438"]
[BlackElo "2033"]
[Result "1-0"]
[Round "01"]
[TimeControl "180+2"]
[Date "2023.04.25"]
[WhiteClock "0:00:44"]
[BlackClock "0:00:07"]

1. e4 c5 2. Nc3 Nc6 3. Bb5 Nd4 4. a4 e6 5. Nge2 a6 6. Bc4 Nf6 7. O-O Nc6 8. d3 d6 9. Ng3 Be7 10. Bg5 O-O 11. Ba2 Rb8 12. f4 h6 13. Bh4 b5 14. f5 b4 15. Nce2 Ng4 16. Bxe7 Qxe7 17. Qd2 Nge5 18. f6 gxf6 19. Qxh6 Ng4 20. Qh5 f5 21. exf5 exf5 22. Nf4 Qe3+ 23. Kh1 Nce5 24. Qg5+ Kh7 25. Qh4+ Kg8 26. Ngh5 Ng6 27. Nxg6 1-0


[Site "https://www.chess.com"]

[Event "Titled Tuesday Blitz April 25 Early 2023"]
[White "Fernandez Garcia, Gumersindo"]
[Black "Antal, Gergely"]
[WhiteFideId "24516740"]
[BlackFideId "717312"]
[WhiteElo "2093"]
[BlackElo "2471"]
[Result "0-1"]
[Round "01"]
[TimeControl "180+2"]
[Date "2023.04.25"]
[WhiteClock "0:00:15"]
[BlackClock "0:00:40"]

1. d4 f5 2. c4 Nf6 3. Nc3 e6 4. Nf3 Bb4 5. Qc2 b6 6. Bd2 Bb7 7. e3 O-O 8. Bd3 Qe7 9. a3 Bxc3 10. Bxc3 Ne4 11. O-O-O a5 12. Rhg1 Nxc3 13. Qxc3 a4 14. d5 exd5 15. cxd5 Ra5 16. Kb1 Rc5 17. Qb4 Bxd5 18. Qxa4 Nc6 19. Nd4 Ra5 20. Nxc6 dxc6 21. Qc2 g6 22. Bc4 Rc5 23. Bxd5+ cxd5 24. Qd3 Qe4 25. f3 Qxd3+ 26. Rxd3 c6 27. b4 Rc4 28. Kb2 Re8 29. Rc1 b5 30. Rcc3 Kf7 31. Kc2 Ke6 32. Kd2 Ra8 33. e4 fxe4 34. fxe4 dxe4 35. Rxc4 bxc4 36. Rd4 Rxa3 37. Rxe4+ Kd5 38. Re7 h5 39. Rd7+ Ke6 40. Rg7 Ra2+ 41. Kc3 Rxg2 42. Kxc4 Kf5 43. h4 Rg4+ 44. Kc5 Rxh4 45. Rf7+ Kg5 46. Rd7 Rh1 47. Kxc6 Rc1+ 48. Kb6 h4 49. b5 h3 50. Rd3 h2 51. Rg3+ Kf5 52. Rf3+ Ke4 53. Rh3 h1=Q 54. Rxh1 Rxh1 0-1


[Site "https://www.chess.com"]

[Event "Titled Tuesday Blitz April 25 Early 2023"]
[White "Lewicki, Miroslaw"]
[Black "BenchGM"]
[WhiteFideId "1113380"]
[WhiteElo "2212"]
[BlackElo "2363"]
[Result "1-0"]
[Round "01"]
[TimeControl "180+2"]
[Date "2023.04.25"]
[WhiteClock "0:00:03"]
[BlackClock "0:00:02"]

1. g3 d5 2. Bg2 Nf6 3. Nf3 e6 4. O-O Be7 5. b3 O-O 6. Bb2 c5 7. d4 b6 8. dxc5 bxc5 9. Ne5 Bb7 10. Nd2 Nbd7 11. Ndf3 Qc7 12. Nxd7 Nxd7 13. Qd2 Bf6 14. Bxf6 Nxf6 15. Qg5 Ne4 16. Qh4 h6 17. c4 Rad8 18. cxd5 exd5 19. Rac1 d4 20. Rc2 Nc3 21. e3 Be4 22. Rb2 Qc6 23. Ne5 Qd5 24. Bxe4 Qxe5 25. Bg2 dxe3 26. fxe3 Qxe3+ 27. Kh1 Nd1 28. Rc2 Qd3 29. Rc1 Ne3 30. Rf2 Nxg2 31. Rxg2 Qf3 32. Qf4 Rd1+ 33. Rxd1 Qxd1+ 34. Rg1 Qd5+ 35. Rg2 Re8 36. Qf2 Qd1+ 37. Rg1 Qd5+ 38. Rg2 Qd1+ 39. Rg1 Qd4 40. Qg2 Re3 41. h4 Qd3 42. Rf1 Re2 43. Rf2 Re1+ 44. Kh2 Re3 45. h5 f6 46. Qa8+ 1-0


[Site "https://www.chess.com"]

[Event "Titled Tuesday Blitz April 25 Early 2023"]
[White "Lopez Del Alamo, Antonio"]
[Black "Girya, Olga"]
[WhiteFideId "2227339"]
[BlackFideId "4195752"]
[WhiteElo "2175"]
[BlackElo "2263"]
[Result "0-1"]
[Round "01"]
[TimeControl "180+2"]
[Date "2023.04.25"]
[WhiteClock "0:00:02"]
[BlackClock "0:00:05"]

1. e4 e5 2. Bc4 Nf6 3. d3 Bc5 4. Nc3 c6 5. Nf3 d6 6. Ne2 Nbd7 7. Ng3 d5 8. Bb3 a5 9. a3 O-O 10. O-O Re8 11. h3 Bf8 12. Qe2 Nc5 13. Ba2 dxe4 14. dxe4 Be6 15. Bxe6 Nxe6 16. a4 Qc7 17. Qc4 Rad8 18. Be3 Nd7 19. Rfd1 Ndc5 20. Nf5 b6 21. Ng5 Nxg5 22. Bxg5 Rxd1+ 23. Rxd1 Ne6 24. Be3 Bc5 25. Bxc5 Nxc5 26. f3 Rd8 27. Rxd8+ Qxd8 28. b3 Kf8 29. Qe2 g6 30. Ne3 Kg7 31. Kh2 Ne6 32. Nc4 f6 33. Qe3 b5 34. axb5 cxb5 35. Na3 Qd4 36. Qe2 b4 37. Nc4 Nf4 38. Qe1 h5 39. h4 Qd8 40. Qd2 Qxd2 41. Nxd2 Ne2 42. Nc4 Nd4 43. Nxa5 Nxc2 44. g4 Nd4 45. Kg3 Kf7 46. g5 fxg5 47. hxg5 Ke6 48. Kf2 Kd6 49. Ke3 Kc5 50. Nc4 Nc6 51. f4 exf4+ 52. Kxf4 Nd4 53. Ke5 Nxb3 54. Ne3 Nd2 0-1


[Site "https://www.chess.com"]

[Event "Titled Tuesday Blitz April 25 Early 2023"]
[White "Bryant, John Daniel"]
[Black "Tarasova, Viktoriya"]
[WhiteFideId "2031280"]
[BlackFideId "4175840"]
[WhiteElo "2455"]
[BlackElo "2182"]
[Result "1/2-1/2"]
[Round "01"]
[TimeControl "180+2"]
[Date "2023.04.25"]
[WhiteClock "0:00:12"]
[BlackClock "0:00:21"]

1. e4 e5 2. Nf3 Nc6 3. Bb5 Nf6 4. O-O Nxe4 5. Re1 Nd6 6. Nxe5 Be7 7. Bf1 Nxe5 8. Rxe5 O-O 9. Nc3 Ne8 10. Nd5 Bd6 11. Re1 c6 12. Ne3 Bc7 13. Nf5 d5 14. Ne7+ Kh8 15. Nxc8 Rxc8 16. d4 Nf6 17. Bd3 Qd6 18. g3 Rfe8 19. Be3 Qd7 20. Qf3 Ne4 21. Kg2 Re6 22. Qg4 g6 23. Qh3 f5 24. f3 Nd6 25. Re2 Rce8 26. Rae1 Nf7 27. Bd2 Rxe2+ 28. Rxe2 Rxe2+ 29. Bxe2 Qe7 30. Bd3 Bb6 31. c3 c5 32. g4 Nd6 33. dxc5 Bxc5 34. Qg3 fxg4 35. Qxg4 Kg7 36. Qf4 Nf7 37. b4 Bd6 38. Qd4+ Qe5 39. Qxe5+ Bxe5 40. f4 Bd6 41. f5 gxf5 42. Bxf5 Ne5 43. Be1 Nc4 44. Kf3 h6 45. Bc8 b6 46. Bb7 Ne5+ 47. Kg2 Nd3 48. Bd2 Be5 49. Bxd5 Nf4+ 50. Bxf4 Bxf4 51. h3 Bd2 52. b5 Bxc3 53. Kf3 Bb4 54. Ke4 Kf6 55. Bb7 Ke6 56. Bc8+ Kd6 57. Kf5 Bd2 58. h4 Kc7 59. Be6 Bc1 60. Bf7 Bd2 61. Kg6 Bc1 62. Be6 Bd2 63. Bh3 Bc1 64. h5 Bd2 65. Bf1 Bc1 66. Be2 Bd2 67. Bf1 Bc1 68. Kf5 Bd2 69. Ke4 Bc1 70. Bg2 Bg5 71. Kd3 Bc1 72. Bf3 Bg5 73. Kc2 Bf4 74. Kb3 Bg5 75. Kc4 Bf4 76. Kd5 Bc1 77. Ke6 Bd2 78. Kf7 Bc1 79. Kf6 Bd2 80. Kf5 Bc1 81. Ke4 Bd2 82. Kd3 Bg5 83. Kc4 Bf4 84. Kd3 Bg5 1/2-1/2


[Site "https://www.chess.com"]

[Event "Titled Tuesday Blitz April 25 Early 2023"]
[White "Degtiarev, Evgeny"]
[Black "Goldin, Alexander"]
[WhiteFideId "4149610"]
[BlackFideId "2019540"]
[WhiteElo "2284"]
[BlackElo "2656"]
[Result "0-1"]
[Round "01"]
[TimeControl "180+2"]
[Date "2023.04.25"]
[WhiteClock "0:00:34"]
[BlackClock "0:00:49"]

1. d4 d5 2. c4 e6 3. Nc3 Nf6 4. cxd5 exd5 5. Bg5 Be7 6. e3 c6 7. Bd3 Nbd7 8. Nge2 Nh5 9. Bxe7 Qxe7 10. O-O g6 11. Ng3 Nxg3 12. hxg3 Nf6 13. e4 dxe4 14. Nxe4 Nxe4 15. Bxe4 O-O 16. Re1 Be6 17. Bc2 Qd6 18. Bb3 Rfe8 19. Bxe6 Rxe6 20. Qb3 Rae8 21. Rxe6 Rxe6 22. Rd1 Re7 23. Qa4 a6 24. Qc4 Rd7 25. Kf1 h5 26. Rd3 Kg7 27. Ke2 Qd5 28. Qxd5 Rxd5 29. Rb3 Rd7 30. Ke3 Kf6 31. Ke4 Ke6 32. Rc3 Kd6 33. a4 a5 34. Rc5 b6 35. Re5 Rd8 36. b3 f6 0-1


[Site "https://www.chess.com"]

[Event "Titled Tuesday Blitz April 25 Early 2023"]
[White "Kvaloy, Aksel Bu"]
[Black "Gutkin, Ilya"]
[WhiteFideId "1528815"]
[BlackFideId "16203470"]
[WhiteElo "2208"]
[BlackElo "2265"]
[Result "0-1"]
[Round "01"]
[TimeControl "180+2"]
[Date "2023.04.25"]
[WhiteClock "0:00:04"]
[BlackClock "0:00:14"]

1. e4 e6 2. d4 d5 3. Nc3 Nf6 4. e5 Nfd7 5. f4 c5 6. Nf3 Nc6 7. Be3 a6 8. Be2 b5 9. Qd2 b4 10. Nd1 Qb6 11. O-O a5 12. c4 cxd4 13. Nxd4 Nxd4 14. Bxd4 Bc5 15. Bxc5 Qxc5+ 16. Kh1 dxc4 17. Rc1 Ba6 18. Ne3 Nb6 19. f5 O-O 20. f6 Rfd8 21. Nd5 Rxd5 22. Qg5 g6 23. Bf3 Rxe5 24. Qh6 Qf8 25. Qf4 Rd5 26. Bxd5 Nxd5 27. Qe5 Qh6 28. Rfe1 Rc8 29. Rcd1 Qf8 30. h4 h5 31. Rg1 Bb7 32. Kh2 Qd8 33. Rdf1 Qc7 34. Qxc7 Rxc7 35. g4 hxg4 36. Rxg4 Ne3 37. Rgf4 Nxf1+ 38. Rxf1 c3 39. bxc3 bxc3 40. Rc1 c2 41. Kg3 Be4 42. Kf4 Bf5 43. Ke3 Rd7 44. h5 Rd1 45. hxg6 Rxc1 46. gxf7+ 0-1


[Site "https://www.chess.com"]

[Event "Titled Tuesday Blitz April 25 Early 2023"]
[White "Szente Varga, Fruzsina"]
[Black "Vetoshko, Volodymyr"]
[WhiteFideId "712264"]
[BlackFideId "14122480"]
[WhiteElo "1994"]
[BlackElo "2422"]
[Result "0-1"]
[Round "01"]
[TimeControl "180+2"]
[Date "2023.04.25"]
[WhiteClock "0:00:03"]
[BlackClock "0:00:02"]

1. e4 c5 2. Nf3 e6 3. b3 b6 4. Bb2 Bb7 5. Nc3 Nc6 6. Be2 Nf6 7. O-O d6 8. Bb5 a6 9. Bxc6+ Bxc6 10. Re1 Be7 11. d4 cxd4 12. Nxd4 Bb7 13. Qe2 O-O 14. Rad1 Qc7 15. f4 b5 16. a3 Rac8 17. Rd3 Rfe8 18. Rg3 Qc5 19. Qf2 g6 20. e5 dxe5 21. fxe5 Nh5 22. Rd3 Rcd8 23. b4 Qc4 24. Ne4 Bxe4 25. Rxe4 Rd5 26. Rf3 Rf8 27. g4 Ng7 28. Kg2 Qc7 29. Rd3 Qb7 30. Qf3 Rd7 31. Kf2 f5 32. exf6 Rxf6 33. Rf4 Rxf4 34. Qxf4 Bxb4 0-1


[Site "https://www.chess.com"]

[Event "Titled Tuesday Blitz April 25 Early 2023"]
[White "Borgaonkar Akshay"]
[Black "Kalajzic, Ivan"]
[WhiteFideId "25639110"]
[BlackFideId "14506378"]
[WhiteElo "2063"]
[BlackElo "2203"]
[Result "1/2-1/2"]
[Round "01"]
[TimeControl "180+2"]
[Date "2023.04.25"]
[WhiteClock "0:00:04"]
[BlackClock "0:00:29"]

1. Nf3 Nc6 2. d4 d5 3. Bf4 Bg4 4. e3 e6 5. Be2 Bd6 6. Ne5 Bxe2 7. Qxe2 Bxe5 8. dxe5 Nge7 9. Nd2 O-O 10. h4 Ng6 11. Nf3 d4 12. h5 Nxf4 13. exf4 Qd5 14. h6 g6 15. a3 Rfd8 16. Rd1 a6 17. Kf1 Qb5 18. Qxb5 axb5 19. Rd3 Ra4 20. Ke2 Rc4 21. Rc1 b4 22. Nd2 Rc5 23. Ne4 Rb5 24. a4 Ra5 25. b3 Ne7 26. Rcd1 c5 27. Nd6 Nd5 28. Nxb7 Nxf4+ 29. Kf3 Nxd3 30. cxd3 Raa8 31. Nxd8 Rxd8 32. Rc1 Rc8 33. Ke4 Kf8 34. f4 Ke7 35. g4 f5+ 36. exf6+ Kxf6 37. a5 g5 38. fxg5+ Kxg5 39. a6 Kxg4 40. a7 Ra8 41. Rxc5 Rxa7 42. Kxd4 Ra6 43. Rc7 e5+ 44. Kc4 Rxh6 45. Kxb4 Rh1 46. Rg7+ Kf3 47. Kc4 h5 48. b4 h4 49. b5 h3 50. Kd5 h2 51. Rh7 Ke3 52. Kxe5 Kxd3 53. Kd5 Kc3 54. Kc5 Kb3 55. Kb6 Ka4 56. Rh4+ Kb3 57. Kb7 Kc3 58. b6 Kd3 59. Kb8 Ke3 60. b7 Kf3 61. Rh8 Kg3 62. Rg8+ Kf2 63. Rf8+ Kg2 64. Rg8+ Kf2 65. Rf8+ Kg2 66. Rg8+ Kf2 1/2-1/2


[Site "https://www.chess.com"]

[Event "Titled Tuesday Blitz April 25 Early 2023"]
[White "Real_taiatai"]
[Black "Malek, Jan"]
[BlackFideId "21864080"]
[WhiteElo "2345"]
[BlackElo "2255"]
[Result "1-0"]
[Round "01"]
[TimeControl "180+2"]
[Date "2023.04.25"]
[WhiteClock "0:00:17"]
[BlackClock "0:00:02"]

1. f4 Nh6 2. Nf3 d5 3. b3 Nf5 4. Bb2 c5 5. e3 Nc6 6. Bb5 Bd7 7. O-O e6 8. a4 f6 9. g4 Nd6 10. Nc3 a6 11. Bd3 Nb4 12. Be2 h5 13. g5 Nf5 14. Qe1 Nxc2 15. Qb1 Nxa1 16. Bxa1 Bc6 17. Bd3 Qd7 18. Ne2 Be7 19. Ng3 Nxg3 20. Bg6+ Kf8 21. hxg3 Bd6 22. gxf6 gxf6 23. Bxf6 Rg8 24. Ng5 Rg7 25. Bxg7+ Kxg7 26. Bxh5 Kh8 27. Qg6 Qg7 28. Qxe6 Bc7 29. Kg2 1-0


[Site "https://www.chess.com"]

[Event "Titled Tuesday Blitz April 25 Early 2023"]
[White "Souleidis, Georgios"]
[Black "Karthik Sai Ch"]
[WhiteFideId "4206827"]
[BlackFideId "46649484"]
[WhiteElo "2401"]
[BlackElo "2003"]
[Result "1/2-1/2"]
[Round "01"]
[TimeControl "180+2"]
[Date "2023.04.25"]
[WhiteClock "0:00:34"]
[BlackClock "0:01:14"]

1. e4 c6 2. Nc3 d5 3. Nf3 dxe4 4. Nxe4 Nf6 5. Qe2 Nxe4 6. Qxe4 Nd7 7. d4 Nf6 8. Qd3 g6 9. Bg5 Bg7 10. O-O-O Bf5 11. Qe3 O-O 12. Bd3 Be6 13. Kb1 Nd5 14. Qd2 Qb6 15. a3 f6 16. Be3 Nxe3 17. Qxe3 Bf7 18. Qxe7 f5 19. Qc5 Qc7 20. Ne5 Rad8 21. f4 Rd5 22. Qc3 Bxe5 23. dxe5 Rfd8 24. Be2 Rxd1+ 25. Rxd1 Rxd1+ 26. Bxd1 Qd7 27. Qd3 Bd5 28. Bf3 Be6 29. Qxd7 Bxd7 30. b4 Kf7 31. c4 Ke6 32. Kb2 h6 33. Kc3 g5 34. g3 Bc8 35. Kd4 Bd7 36. Bg2 b6 37. c5 b5 38. Bf3 g4 39. Bd1 h5 40. a4 a6 41. Bb3+ Ke7 42. a5 Be6 43. Bc2 Kd7 44. Bd3 Ke7 45. Bf1 Kd7 46. h3 Ke7 47. hxg4 hxg4 48. Bg2 Kd7 49. Bh1 Kc7 50. Bg2 Kd7 51. Bf1 Kc7 52. Bd3 Kd7 53. Kc3 Kc7 54. Bc2 Kd7 55. Bb3 Bxb3 56. Kxb3 Ke6 57. Kc3 Kd5 58. Kd3 Ke6 59. Ke3 Ke7 60. Kd3 Kd7 61. Kc3 Ke7 62. Kd4 Ke6 63. Ke3 Ke7 64. Kd2 Kd7 65. Kc1 Ke6 66. Kb2 Ke7 67. Kb1 Kd7 68. Ka2 Ke6 69. Kb3 Ke7 70. Ka3 Kd7 71. Kb2 Ke7 72. Ka1 Kd7 73. Kb1 Ke7 74. Kc1 Kd7 75. Kb2 Ke7 1/2-1/2


[Site "https://www.chess.com"]

[Event "Titled Tuesday Blitz April 25 Early 2023"]
[White "Hoffmann, Asa"]
[Black "hakanazeri2"]
[WhiteFideId "2001470"]
[WhiteElo "2117"]
[BlackElo "2645"]
[Result "1-0"]
[Round "01"]
[TimeControl "180+2"]
[Date "2023.04.25"]
[WhiteClock "0:00:50"]
[BlackClock "0:01:27"]

1. d4 Nf6 2. Bg5 e6 3. Nd2 d5 4. e3 Be7 5. Bd3 Nbd7 6. f4 c5 7. c3 b6 8. Ngf3 Bb7 9. O-O Ne4 10. Bxe7 Qxe7 11. Bxe4 dxe4 12. Ne5 Nxe5 13. fxe5 Qg5 14. Rf4 O-O 15. Nxe4 Qg6 16. Qg4 Qxg4 17. Rxg4 g6 18. Nd6 Bc6 19. Rf1 Rad8 20. Rgf4 f5 21. h4 h6 22. g4 g5 23. hxg5 hxg5 24. R4f2 fxg4 25. Rxf8+ Rxf8 26. Rxf8+ Kxf8 27. Kf2 Bf3 28. Nc8 Kf7 29. Nxa7 Kg6 30. Nc8 cxd4 31. exd4 b5 32. Nd6 Bc6 33. Kg3 Kh5 34. b3 Bd7 35. c4 b4 36. Ne4 Bc6 37. Nc5 Bf3 38. Nxe6 Be4 39. d5 Bb1 40. d6 Bxa2 41. d7 Bxb3 42. d8=Q Bxc4 43. Qxg5# 1-0


[Site "https://www.chess.com"]

[Event "Titled Tuesday Blitz April 25 Early 2023"]
[White "Wieczorek, Oskar"]
[Black "Sovetbekova, Nurai"]
[WhiteFideId "1133950"]
[BlackFideId "13801910"]
[WhiteElo "2418"]
[BlackElo "1857"]
[Result "1-0"]
[Round "01"]
[TimeControl "180+2"]
[Date "2023.04.25"]
[WhiteClock "0:00:43"]
[BlackClock "0:00:11"]

1. e4 c5 2. Nf3 d6 3. d4 cxd4 4. Nxd4 Nf6 5. Nc3 a6 6. h4 e5 7. Nb3 Be6 8. f4 exf4 9. Bxf4 Nc6 10. Qd2 Ne5 11. O-O-O Qc7 12. g3 Be7 13. Nd4 Bc4 14. Nf5 O-O-O 15. Nxg7 b5 16. Nf5 b4 17. Nd5 Nxd5 18. exd5 Bf6 19. Qxb4 Bxf1 20. Rhxf1 Nc4 21. c3 a5 22. Qb5 a4 23. Qxa4 Nxb2 24. Qa8+ Kd7 25. Qc6+ Qxc6 26. dxc6+ Kxc6 27. Kxb2 Rb8+ 28. Kc2 Ra8 29. Rxd6+ 1-0


[Site "https://www.chess.com"]

[Event "Titled Tuesday Blitz April 25 Early 2023"]
[White "Derichs, Roger"]
[Black "Manukyan, Sargis A."]
[WhiteFideId "4630076"]
[BlackFideId "13303970"]
[WhiteElo "2340"]
[BlackElo "2187"]
[Result "0-1"]
[Round "01"]
[TimeControl "180+2"]
[Date "2023.04.25"]
[WhiteClock "0:00:47"]
[BlackClock "0:00:54"]

1. d4 d5 2. c4 e6 3. Nf3 Nf6 4. g3 Be7 5. Bg2 O-O 6. Nc3 dxc4 7. Ne5 Nc6 8. Bxc6 bxc6 9. Nxc6 Qe8 10. Nxe7+ Qxe7 11. Qa4 c5 12. dxc5 Qxc5 13. Be3 Qc7 14. f3 Bd7 15. Qc2 e5 16. O-O Bh3 17. Rf2 h6 18. Rd1 Rfd8 19. g4 Rxd1+ 20. Qxd1 e4 21. Qc2 exf3 22. exf3 Re8 23. Qd2 Rd8 24. Qc1 h5 25. Bf4 Qc6 26. g5 Nd5 27. Bd2 Nxc3 28. Bxc3 Qd5 29. Qd2 Qxg5+ 0-1


[Site "https://www.chess.com"]

[Event "Titled Tuesday Blitz April 25 Early 2023"]
[White "Kucuksari, Kaan"]
[Black "mohsengabr2002"]
[WhiteFideId "6380166"]
[WhiteElo "2364"]
[BlackElo "2340"]
[Result "1-0"]
[Round "01"]
[TimeControl "180+2"]
[Date "2023.04.25"]
[WhiteClock "0:00:30"]
[BlackClock "0:01:38"]

1. e4 c5 2. Nf3 d6 3. d4 cxd4 4. Nxd4 a6 5. Nc3 e5 6. Nb3 Be7 7. Be2 Qc7 8. Nd5 Qd8 9. Be3 Nd7 10. Nd2 Ngf6 11. Nxe7 Kxe7 12. O-O Re8 13. Nc4 Qc7 14. a4 Nxe4 15. f4 Nef6 16. Qd2 d5 17. Nxe5 Nxe5 18. fxe5 Qxe5 19. Bc5+ Kd8 20. Bb6+ Ke7 21. Qb4+ Kd7 22. Rae1 a5 23. Bb5+ 1-0


[Site "https://www.chess.com"]

[Event "Titled Tuesday Blitz April 25 Early 2023"]
[White "Fuzesabonyilaci"]
[Black "Chernobay, Artem"]
[BlackFideId "4167406"]
[WhiteElo "2338"]
[BlackElo "2474"]
[Result "0-1"]
[Round "01"]
[TimeControl "180+2"]
[Date "2023.04.25"]
[WhiteClock "0:00:20"]
[BlackClock "0:00:09"]

1. e4 c5 2. Nf3 e6 3. d4 cxd4 4. Nxd4 Nf6 5. Nc3 Nc6 6. Qd3 Bb4 7. Bd2 O-O 8. a3 Bxc3 9. Bxc3 d5 10. exd5 Nxd5 11. Nxc6 bxc6 12. O-O-O Qb6 13. Bd4 c5 14. Bc3 Bb7 15. Qg3 Nxc3 16. Qxc3 Rab8 17. Bd3 Bd5 18. f3 Qc6 19. Rhe1 Qc7 20. Qe5 Qa5 21. h4 Rb6 22. Re2 Rfb8 23. c4 Bc6 24. Rdd2 Be8 25. Bb1 f6 26. Qc7 Rxb2 27. Rxb2 Qxc7 0-1


[Site "https://www.chess.com"]

[Event "Titled Tuesday Blitz April 25 Early 2023"]
[White "KRUMMEL2008"]
[Black "crosky"]
[WhiteElo "2638"]
[BlackElo "2338"]
[Result "1-0"]
[Round "01"]
[TimeControl "180+2"]
[Date "2023.04.25"]
[WhiteClock "0:01:19"]
[BlackClock "0:02:02"]

1. e4 c6 2. d4 d5 3. e5 Bf5 4. Nf3 e6 5. Be2 Nd7 6. O-O Ne7 7. c3 h6 8. Na3 Qc7 9. Nc2 c5 10. dxc5 Nc6 11. b4 Ncxe5 12. Ncd4 Bh7 13. Nxe5 Nxe5 14. Bf4 a6 15. Bxe5 Qxe5 16. Qa4+ Kd8 17. c6 b5 18. Bxb5 Kc7 19. Qa5+ Kc8 20. Bxa6+ 1-0


[Site "https://www.chess.com"]

[Event "Titled Tuesday Blitz April 25 Early 2023"]
[White "Pavlidis, Anastasios"]
[Black "Domingo Nunez, Ruben"]
[WhiteFideId "4208404"]
[BlackFideId "22245570"]
[WhiteElo "2210"]
[BlackElo "2404"]
[Result "0-1"]
[Round "01"]
[TimeControl "180+2"]
[Date "2023.04.25"]
[WhiteClock "0:01:17"]
[BlackClock "0:01:13"]

1. d4 g6 2. e4 Bg7 3. Nf3 c6 4. Nc3 d5 5. e5 f6 6. exf6 Nxf6 7. Bd3 Bg4 8. h3 Bxf3 9. Qxf3 O-O 10. Qe2 Qd6 11. g3 Nbd7 12. Bf4 Qb4 13. O-O-O Rae8 14. a3 Qb6 15. h4 e5 16. dxe5 Nh5 17. e6 Nxf4 18. gxf4 Nc5 19. h5 Nxe6 20. hxg6 Nxf4 21. Qg4 h6 22. Rde1 Qxf2 23. Nd1 Nxd3+ 24. cxd3 Rxe1 25. Rxe1 Qxe1 0-1


[Site "https://www.chess.com"]

[Event "Titled Tuesday Blitz April 25 Early 2023"]
[White "Ingebretsen, Jens E"]
[Black "Rychkov, Roman"]
[WhiteFideId "1522965"]
[BlackFideId "30985595"]
[WhiteElo "2213"]
[BlackElo "1946"]
[Result "1-0"]
[Round "01"]
[TimeControl "180+2"]
[Date "2023.04.25"]
[WhiteClock "0:00:15"]
[BlackClock "0:00:04"]

1. c4 Nf6 2. Nc3 e5 3. Nf3 Nc6 4. e3 Bb4 5. Qc2 Bxc3 6. bxc3 O-O 7. e4 d6 8. Be2 b6 9. O-O Re8 10. d3 h6 11. h3 Ne7 12. a4 a5 13. Be3 Ng6 14. Rfe1 Be6 15. d4 Qc8 16. Bf1 Nh5 17. c5 bxc5 18. dxc5 Nhf4 19. Kh2 Rb8 20. Rab1 Qd7 21. cxd6 cxd6 22. Bb5 Rxb5 23. axb5 Bxh3 24. g3 Qg4 25. Qd1 Ng2 26. Rg1 Nxe3 27. fxe3 Qh5 28. Nh4 Bg4 29. Qe1 Rb8 30. b6 Ne7 31. b7 g5 32. Qf2 gxh4 33. gxh4 Ng6 34. Qf6 Be6 35. Rxg6+ Qxg6 36. Rg1 Qxg1+ 37. Kxg1 Rxb7 38. Qd8+ Kh7 39. Qxa5 Rb1+ 40. Kf2 Rd1 41. Qd8 Kg7 42. Qe7 Rd2+ 43. Ke1 Rd3 44. Ke2 Bc4 45. Kf3 Rd2 46. Qc7 Be2+ 47. Kg3 Bh5 48. c4 Rd3 49. Kf2 Rd2+ 50. Kg3 Rd3 51. c5 Rxe3+ 52. Kf2 Re2+ 53. Kf1 dxc5 54. Qxe5+ Kg6 55. Qf5+ Kg7 56. Qxh5 Rxe4 57. Kf2 Rf4+ 58. Kg3 Rc4 59. Qe5+ Kg8 60. Qe8+ Kg7 61. Qe5+ Kg8 62. Qf6 Ra4 63. Qxh6 Ra3+ 64. Kg4 Ra4+ 65. Kg5 c4 66. Qc6 Ra5+ 67. Kf6 Ra7 68. Qg2+ Kf8 69. Qg7+ Ke8 70. Qg8+ Kd7 71. Qxf7+ Kc6 1-0


[Site "https://www.chess.com"]

[Event "Titled Tuesday Blitz April 25 Early 2023"]
[White "ArrestingPieces"]
[Black "Saveliev, Alexei"]
[BlackFideId "24128546"]
[WhiteElo "2330"]
[BlackElo "2271"]
[Result "0-1"]
[Round "01"]
[TimeControl "180+2"]
[Date "2023.04.25"]
[WhiteClock "0:00:13"]
[BlackClock "0:00:47"]

1. e4 g6 2. d4 Bg7 3. Nf3 d6 4. Nc3 Nc6 5. Be3 Nf6 6. h3 O-O 7. Be2 Nd7 8. d5 Nce5 9. Nxe5 Nxe5 10. f4 Nd7 11. O-O c6 12. Bd4 Bxd4+ 13. Qxd4 Qb6 14. Qxb6 Nxb6 15. Rad1 Bd7 16. Rfe1 Rac8 17. dxc6 Bxc6 18. Kf2 Kg7 19. Ke3 Rc7 20. Bf3 Nc4+ 21. Kf2 Nxb2 22. Rb1 Nc4 23. Rb3 Nd2 24. Ra3 Nxf3 25. Kxf3 a6 26. Ke3 Rfc8 27. Rb1 e6 28. g4 d5 29. exd5 Bxd5 30. Nxd5 exd5 31. Rd3 b5 32. Rxd5 Rxc2 33. a4 R8c3+ 34. Ke4 Rc4+ 35. Ke5 Re2+ 36. Kd6 Rxa4 37. f5 Kf6 38. fxg6 hxg6 39. Rf1+ Kg7 40. Kc6 Rc4+ 41. Kb6 Re6+ 42. Kb7 Rcc6 43. g5 Rcd6 44. Rc5 Rd7+ 45. Kc8 Ra7 46. Rc7 Re8+ 47. Kd7 Rxc7+ 48. Kxc7 Re3 49. Kb6 Rxh3 50. Kxa6 b4 51. Rg1 b3 52. Kb5 b2 53. Kb4 Kf8 54. Rb1 Rh2 55. Ka3 Rg2 56. Rxb2 Rxb2 57. Kxb2 Ke7 58. Kc3 Ke6 59. Kd3 Kf5 60. Ke3 Kxg5 0-1


[Site "https://www.chess.com"]

[Event "Titled Tuesday Blitz April 25 Early 2023"]
[White "Atanasov, Anthony"]
[Black "Manon-og, Ramon Jr."]
[WhiteFideId "2623897"]
[BlackFideId "5200776"]
[WhiteElo "2326"]
[BlackElo "2330"]
[Result "1-0"]
[Round "01"]
[TimeControl "180+2"]
[Date "2023.04.25"]
[WhiteClock "0:01:38"]
[BlackClock "0:00:01"]

1. d4 Nf6 2. Nf3 g6 3. c4 d5 4. cxd5 Nxd5 5. e4 Nb6 6. h4 h5 7. Nc3 Bg7 8. Bb5+ c6 9. Be2 Bg4 10. Be3 N8d7 11. Qb3 Rc8 12. Ng5 e6 13. Bxg4 hxg4 14. Nxe6 fxe6 15. Qxe6+ Qe7 16. Qxg6+ Qf7 17. Qxg4 Nc4 18. O-O-O b5 19. e5 Qe7 20. h5 Nxe3 21. fxe3 Nb6 22. Ne4 Kd8 23. Nd6 Rc7 24. Rdf1 Rf8 25. h6 Rxf1+ 26. Rxf1 Bxh6 27. Qg8+ Kd7 28. Rf7 Bxe3+ 29. Kc2 Nd5 30. Rxe7+ Nxe7 31. e6+ Kxd6 32. Qg3+ Kxe6 33. Qxc7 Bxd4 34. g4 b4 35. g5 a6 36. g6 Bf6 37. Qb7 a5 38. Qb6 Kd6 39. Qf2 Be5 40. Qf7 c5 41. g7 Bxg7 42. Qxg7 Nc6 43. Qf6+ Kd5 44. Qf3+ Kd6 45. Qf8+ Kd5 46. Qa8 Kd6 47. Kb3 Kd5 48. a4 c4+ 49. Kc2 Kc5 50. Qa6 Nd4+ 51. Kd1 Nb3 52. Qf6 Kd5 53. Kc2 Nd4+ 54. Kd2 Nb3+ 55. Ke3 Kc5 56. Qe5+ Kc6 57. Qb5+ Kd6 58. Qxc4 Nc5 59. Qb5 Kd5 60. b3 Kd6 61. Qb6+ Kd5 62. Qxa5 1-0


[Site "https://www.chess.com"]

[Event "Titled Tuesday Blitz April 25 Early 2023"]
[White "Stalri"]
[Black "Kim, Sergey"]
[BlackFideId "13700570"]
[WhiteElo "2327"]
[BlackElo "2630"]
[Result "1/2-1/2"]
[Round "01"]
[TimeControl "180+2"]
[Date "2023.04.25"]
[WhiteClock "0:00:39"]
[BlackClock "0:00:21"]

1. d4 Nf6 2. c4 g6 3. Nc3 Bg7 4. e4 d6 5. Nf3 O-O 6. Be2 e5 7. O-O exd4 8. Nxd4 Re8 9. Re1 Nxe4 10. Nxe4 Rxe4 11. Be3 Rxe3 12. fxe3 Nd7 13. Qd2 Nc5 14. Bf3 c6 15. Rad1 Qe7 16. b4 Ne4 17. Bxe4 Qxe4 18. Nf3 Bf8 19. Qd4 Qe7 20. e4 Be6 21. a3 Bg4 22. Rd3 a5 23. e5 Bxf3 24. Rxf3 axb4 25. axb4 dxe5 26. Qxe5 Qxe5 27. Rxe5 Bxb4 28. Rb3 c5 29. Rd3 Ra1+ 30. Kf2 Rc1 31. Re4 Rc2+ 32. Kf3 Bc3 33. Rd7 Bd4 34. Rxb7 Rxc4 35. Re8+ Kg7 36. Ree7 Rc3+ 37. Kf4 g5+ 38. Kg4 Kg6 39. g3 h5+ 40. Kh3 Rc2 41. g4 Rc3+ 42. Kg2 Rc2+ 43. Kh3 Rc3+ 44. Kg2 Rc2+ 45. Kg3 Rc3+ 46. Kg2 1/2-1/2


[Site "https://www.chess.com"]